 Dungeon Crawl Stone Soup version 0.21-a0-437-ge5bf024 (webtiles) character file.

441 tof the Slasher (level 6, -5/56 HPs)
             Began as a Minotaur Monk on Nov 9, 2017.
             Was a Believer of Okawaru.
             Slain by Menkaure (7 damage)
             ... on level 4 of the Dungeon.
             The game lasted 00:04:27 (3800 turns).

tof the Slasher (Minotaur Monk)                     Turns: 3800, Time: 00:04:28

Health: -5/56      AC: 15    Str: 13    XL:     6   Next: 70%
Magic:  3/5        EV:  7    Int:  7    God:    Okawaru [**....]
Gold:   140        SH:  0    Dex: 15    Spells: 5/5 levels left

rFire    . . .     SeeInvis .   a - +0 falchion
rCold    . . .     Gourm    .   (no shield)
rNeg     . . .     Faith    .   n - +0 plate armour
rPois    .         Spirit   .   (helmet restricted)
rElec    .         Reflect  .   m - +1 cloak
rCorr    +         Harm     .   (no gloves)
MR       .....                  (no boots)
Stlth    ..........             (no amulet)
HPRegen  0.18/turn              i - ring of resist corrosion
MPRegen  0.09/turn              v - -2 ring of strength (curse)

@: heroism, drained
A: retaliatory headbutt, horns 2
a: Heroism, Renounce Religion


You were on level 4 of the Dungeon.
You worshipped Okawaru.
Okawaru was pleased with you.
You were not hungry.

You visited 1 branch of the dungeon, and saw 4 of its levels.

You collected 140 gold pieces.

Inventory:

Hand Weapons
 a - a +0 falchion (weapon)
Missiles
 p - 6 poisoned needles
Armour
 m - a +1 cloak (worn)
 n - a +0 plate armour (worn)
Jewellery
 i - a ring of resist corrosion (left hand)
 v - a cursed -2 ring of strength (right hand)
Scrolls
 e - a scroll of remove curse {unknown}
 f - 2 scrolls of amnesia {unknown}
 h - 2 scrolls of recharging {unknown}
 k - 2 scrolls of teleportation {unknown}
 l - 2 scrolls of identify {unknown}
 o - a scroll of immolation {unknown}
 w - a scroll of magic mapping {unknown}
Potions
 b - a potion of resistance {unknown}
 j - 2 potions of mutation {unknown}
 q - a potion of heal wounds {unknown}
 r - a potion of curing {unknown}
 s - 2 potions of lignification {unknown}
 t - a potion of haste {unknown}
 x - 2 potions of berserk rage {unknown}
Comestibles
 c - 2 bread rations
 d - 2 royal jellies
 g - a fruit
 u - 9 chunks of flesh
 z - a meat ration


   Skills:
 + Level 5.1(9.0) Fighting
 * Level 6.4(10.2) Long Blades
 + Level 3.4(7.3) Armour
 + Level 4.7(8.6) Dodging
 - Level 1.5(5.5) Stealth


You had 5 spell levels left.
You didn't know any spells.

Dungeon Overview and Level Annotations

Branches:
Dungeon (4/15)
 Temple: D:4-7

Altars:
Okawaru
Sif Muna

Annotations:
D:4 Menkaure


Innate Abilities, Weirdness & Mutations

You reflexively headbutt those who attack you in melee.
You have a pair of horns on your head.


Message History

Menkaure is moderately damaged.
Menkaure giggles, "These cerements are ticklish..."
Menkaure hits you!
You hit Menkaure but do no damage. You headbutt Menkaure.
Menkaure is moderately damaged.
Menkaure calls on the powers of darkness!
Your body is wracked with pain!
* * * LOW HITPOINT WARNING * * *
You closely miss Menkaure. You headbutt Menkaure.
Menkaure is heavily damaged.
Menkaure barely misses you. You furiously retaliate!
You headbutt Menkaure, but do no damage.
You hit Menkaure.
Menkaure is severely damaged.
Menkaure hits you!
* * * LOW HITPOINT WARNING * * *
You hit Menkaure. You headbutt Menkaure.
Menkaure is almost destroyed.
Menkaure hits you!
You die...

####! ##.#. #....
... ... #.# #M#
#@# ##'## ##...##
##.....##
##.......##
.####.........###
....'.........'..
####.........###
##).รท....##


You could see Menkaure.

Vanquished Creatures
  An ogre (D:4)
  An orc priest (D:3)
  A centaur skeleton (D:4)
  Jessica (D:2)
  Natasha (thrice) (D:2)
  2 orc wizards
  3 gnolls (D:3)
  5 adders
  2 worms (D:3)
  A dart slug (D:1)
  2 leopard geckos
  9 orcs
  2 ball pythons
  4 giant cockroaches
  5 goblins
  3 hobgoblins
  6 jackals
  6 kobolds
  A quokka (D:4)
  4 bats
  6 rats
68 creatures vanquished.

Notes
Turn   | Place    | Note
-------+----------+-------------------------------------------
     0 | D:1      | tof the Minotaur Monk began the quest for the Orb.
     0 | D:1      | Reached XP level 1. HP: 19/19 MP: 0/0
   457 | D:1      | Reached XP level 2. HP: 25/27 MP: 1/1
   459 | D:1      | Reached skill level 4 in Long Blades
   807 | D:1      | Reached skill level 1 in Armour
  1078 | D:2      | Noticed Natasha
  1083 | D:2      | Killed Natasha
  1083 | D:2      | Reached XP level 3. HP: 33/33 MP: 2/2
  1252 | D:2      | Noticed Jessica
  1256 | D:2      | Killed Jessica
  1256 | D:2      | Reached XP level 4. HP: 40/40 MP: 3/3
  1271 | D:2      | Noticed Natasha
  1276 | D:2      | Killed Natasha
  1521 | D:2      | Reached skill level 5 in Long Blades
  1723 | D:2      | Noticed Natasha
  1739 | D:2      | Killed Natasha
  1739 | D:2      | Reached XP level 5. HP: 29/47 MP: 4/4
  2924 | D:3      | Found a deep blue altar of Sif Muna.
  2924 | D:3      | Found an iron altar of Okawaru.
  2928 | D:3      | Became a worshipper of Warmaster Okawaru
  2928 | D:3      | Reached * piety under Okawaru
  2928 | D:3      | Reached ** piety under Okawaru
  2995 | D:3      | Reached XP level 6. HP: 48/55 MP: 5/5
  3504 | D:4      | Reached skill level 6 in Long Blades
  3683 | D:4      | Reached skill level 5 in Fighting
  3792 | D:4      | Noticed Menkaure
  3799 | D:4      | HP: 2/56 [Menkaure (10)]
  3800 | D:4      | Slain by Menkaure

Vault maps used:
D:1:      dpeg_arrival_three_bigger_balls, amethyst_killhole
D:2:      minmay_pentomino_v2, uniq_jessica, uniq_natasha
D:3:      wad_pebble_path, gammafunk_temple_overflow_wave, first_bread
D:4:      uniq_menkaure

Skill      XL: |  1  2  3  4  5  6 |
---------------+-------------------+-----
Long Blades    | 4 5 6 |  6.4
Armour         | 1 2 3 |  3.4
Fighting       | 4 5 |  5.1
Dodging        | 4 |  4.7
Stealth        | |  1.5

Action                   |  1- 3 |  4- 6 || total
-------------------------+-------+-------++-------
Melee: Falchion          |    43 |   177 ||   220
       Headbutt          |     9 |    28 ||    37
Invok: Heroism           |       |     2 ||     2
 Stab: Sleeping          |     1 |       ||     1
  Eat: Chunk             |     1 |     8 ||     9
Armor: Robe              |     8 |       ||     8
       Plate armour      |     4 |   142 ||   146
Dodge: Dodged            |    24 |    56 ||    80
       Rpst.: Falchion   |     8 |    14 ||    22

Table legend:
 A = Spawn XP
 B = Non-spawn XP
 C = Spawn XP percentage of total XP
 D = Spawn monster count
 E = Non-spawn monster count
 F = Spawn count percentage of total count
 G = Total turns spent on level
                    A         B        C        D         E        F      G
               +---------+---------+-------+---------+---------+-------+---------
         Total |       0 |     630 |   0.0 |       0 |      68 |   0.0 |  3800
               +---------+---------+-------+---------+---------+-------+---------
           D:1 |       0 |      28 |   0.0 |       0 |      16 |   0.0 |  1069
           D:2 |       0 |     184 |   0.0 |       0 |      15 |   0.0 |  1162
           D:3 |       0 |     197 |   0.0 |       0 |      26 |   0.0 |  1178
           D:4 |       0 |     221 |   0.0 |       0 |      11 |   0.0 |   391
               +---------+---------+-------+---------+---------+-------+---------
